ITL
DETROIT X-WINGS @ LOUISVILLE BATS
08/09/2030
 
TOP OF THE 1ST
Detroit X-Wings batting - Pitching for Louisville Bats : RHP Germán Pérez
Pitching: RHP Germán Pérez
Batting: SHB Jason Mason 0-0: Ball
1-0: Ground out 4-3 (Groundball, 4)
Batting: RHB José Pérez 0-0: Ball
1-0: Ground out 3-1 (Groundball, 23)
Batting: LHB Juan Jose Pineda 0-0: Called Strike
0-1: Ball
1-1: Ball
2-1: Fly out, F7 (Line Drive, 7)
Top of the 1st over - 0 runs, 0 hits, 0 errors, 0 left on base; Detroit 0 - Louisville 0
BOTTOM OF THE 1ST
Louisville Bats batting - Pitching for Detroit X-Wings : RHP Júlio Ruíz
Pitching: RHP Júlio Ruíz
Batting: RHB Shawn Marshall 0-0: Ball
1-0: Ball
2-0: SINGLE (Line Drive, 34)
Batting: RHB Zhong Shui 0-0: DOUBLE (Line Drive, 9LM)
Shawn Marshall to third
Runner from 3rd tries for Home, SAFE, no throw
Batting: LHB George Smith 0-0: Called Strike
0-1: Foul Ball, location: 2F
0-2: Ground out 4-3 (Groundball, 4M)
Zhong Shui to third
Batting: LHB Richard Olvera 0-0: Ball
1-0: Called Strike
1-1: Foul Ball, location: 2F
1-2: Fly out, F8 (Flyball, 78XD)
Runner from 3rd tags up, SCORES, no throw
Batting: SHB Ryan Roberts 0-0: Ball
1-0: Reached on error, E6 (Groundball, 6)
Batting: RHB Júlio Sánchez 0-0: Ball
1-0: Called Strike
1-1: Fly out, F8 (Flyball, 8RD)
Bottom of the 1st over - 2 runs, 2 hits, 1 error, 1 left on base; Detroit 0 - Louisville 2
TOP OF THE 2ND
Detroit X-Wings batting - Pitching for Louisville Bats : RHP Germán Pérez
Batting: SHB Barrett Bowden 0-0: Foul Ball, location: 2F
0-1: Ball
1-1: Foul Ball, location: 2F
1-2: Foul Ball, location: 2F
1-2: Ball
2-2: Foul Ball, location: 2F
2-2: Ball
3-2: Base on Balls
Batting: SHB Brian Price 0-0: Ground out 3-1 (Groundball, 34)
Barrett Bowden to second
Batting: SHB Felipe Detorres 0-0: Foul Ball, location: 2F
0-1: Ball
1-1: Ball
2-1: Foul Ball, location: 2F
2-2: Ball
3-2: Strikes out swinging, 2-3 out at first.
Batting: RHB Brad Ravenshaw 0-0: Ball
1-0: Ground out U3 (Groundball, 3)
Top of the 2nd over - 0 runs, 0 hits, 0 errors, 1 left on base; Detroit 0 - Louisville 2
BOTTOM OF THE 2ND
Louisville Bats batting - Pitching for Detroit X-Wings : RHP Júlio Ruíz
Batting: LHB John Horton 0-0: Ball
1-0: Ball
2-0: Ball
3-0: Base on Balls
Batting: SHB Martín Medina 0-0: Ball
1-0: Swinging Strike
1-1: Ball
2-1: Ball
3-1: Base on Balls
John Horton to second
Batting: LHB Don Soper 0-0: Fly out, F9 (Flyball, 9LS)
Batting: RHB Shawn Marshall 0-0: Ball
1-0: Ball
2-0: Called Strike
2-1: Ball
3-1: Base on Balls
John Horton to third
Martín Medina to second
Batting: RHB Zhong Shui 0-0: Ball
1-0: Fly out, F7 (Flyball, 7S)
Runner from 3rd tags up, OUT at HOME
Bottom of the 2nd over - 0 runs, 0 hits, 0 errors, 2 left on base; Detroit 0 - Louisville 2
TOP OF THE 3RD
Detroit X-Wings batting - Pitching for Louisville Bats : RHP Germán Pérez
Batting: RHB Donato Gozende 0-0: Ball
1-0: Swinging Strike
1-1: Swinging Strike
1-2: Ball
2-2: Strikes out looking
Batting: RHB Daniel Riddle 0-0: Called Strike
0-1: Ball
1-1: Called Strike
1-2: Fly out, F7 (Flyball, 78D)
Batting: SHB Jason Mason 0-0: Foul Ball, location: 2F
0-1: Ball
1-1: SINGLE (Line Drive, 5D)
Batting: RHB José Pérez 0-0: SINGLE (Groundball, 56D)
Jason Mason to second
Batting: LHB Juan Jose Pineda 0-0: Foul Ball, location: 2F
0-1: Ball
1-1: Swinging Strike
1-2: Ball
2-2: Ground out 5-3 (Groundball, 56)
Top of the 3rd over - 0 runs, 2 hits, 0 errors, 2 left on base; Detroit 0 - Louisville 2
BOTTOM OF THE 3RD
Louisville Bats batting - Pitching for Detroit X-Wings : RHP Júlio Ruíz
Batting: LHB George Smith 0-0: Called Strike
0-1: SINGLE (Groundball, 34D)
Batting: LHB Richard Olvera 0-0: Foul Ball, location: 2F
0-1: Ball
1-1: Called Strike
1-2: Foul Ball, location: 2F
1-2: SINGLE (Groundball, 34D)
George Smith to second
Runner from 2nd tries for 3rd, SAFE, throw made to third
Batting: SHB Ryan Roberts Pickoff Throw to First - Out!
0-0: Ball
1-0: Ball
2-0: Swinging Strike
2-1: Ball
3-1: Called Strike
3-2: Base on Balls
Batting: RHB Júlio Sánchez 0-0: Ball
1-0: Foul Ball, location: 2F
1-1: Foul Ball, location: 2F
1-2: Fly out, F7 (Flyball, 78M)
Runner from 3rd tags up, SCORES, throw made
Batting: LHB John Horton 0-0: Ball
1-0: Swinging Strike
1-1: Fly out, F9 (Flyball, 9LDF)
Bottom of the 3rd over - 1 run, 2 hits, 0 errors, 1 left on base; Detroit 0 - Louisville 3
TOP OF THE 4TH
Detroit X-Wings batting - Pitching for Louisville Bats : RHP Germán Pérez
Batting: SHB Barrett Bowden 0-0: Called Strike
0-1: Ball
1-1: Foul Ball, location: 2F
1-2: Ball
2-2: Strikes out looking
Batting: SHB Brian Price 0-0: Called Strike
0-1: Ball
1-1: Ball
2-1: Foul Ball, location: 2F
2-2: Ball
3-2: Strikes out looking
Batting: SHB Felipe Detorres 0-0: Ball
1-0: Called Strike
1-1: Ball
2-1: SINGLE (Groundball, 34D)
Batting: RHB Brad Ravenshaw 0-0: Called Strike
0-1: Foul Ball, location: 2F
0-2: Ball
1-2: Ball
2-2: Ground out 4-3 (Groundball, 4M)
Top of the 4th over - 0 runs, 1 hit, 0 errors, 1 left on base; Detroit 0 - Louisville 3
BOTTOM OF THE 4TH
Louisville Bats batting - Pitching for Detroit X-Wings : RHP Júlio Ruíz
Batting: SHB Martín Medina 0-0: Called Strike
0-1: Ball
1-1: Fly out, F7 (Flyball, 7)
Batting: LHB Don Soper 0-0: Called Strike
0-1: Ball
1-1: Ball
2-1: SINGLE (Flyball, 89S)
Batting: RHB Shawn Marshall 0-0: Foul Ball, location: 2F
0-1: Foul Ball, location: 2F
0-2: Ball
1-2: Ball
2-2: Strikes out swinging
Batting: RHB Zhong Shui 0-0: Foul Ball, location: 2F
0-1: Ground out 1-3 (Groundball, 15S)
Bottom of the 4th over - 0 runs, 1 hit, 0 errors, 1 left on base; Detroit 0 - Louisville 3
TOP OF THE 5TH
Detroit X-Wings batting - Pitching for Louisville Bats : RHP Germán Pérez
Batting: RHB Donato Gozende 0-0: Called Strike
0-1: Called Strike
0-2: Strikes out swinging
Batting: RHB Daniel Riddle 0-0: Called Strike
0-1: Ball
1-1: Ground out 6-3 (Groundball, 6)
Batting: SHB Jason Mason 0-0: Called Strike
0-1: Ball
1-1: Called Strike
1-2: Strikes out swinging
Top of the 5th over - 0 runs, 0 hits, 0 errors, 0 left on base; Detroit 0 - Louisville 3
BOTTOM OF THE 5TH
Louisville Bats batting - Pitching for Detroit X-Wings : RHP Júlio Ruíz
Batting: LHB George Smith 0-0: Ball
1-0: Swinging Strike
1-1: Ball
2-1: SOLO HOME RUN (Line Drive, 9D), Distance : 390 ft
Batting: LHB Richard Olvera 0-0: Ball
1-0: Ball
2-0: Fly out, F9 (Flyball, 9LDF)
Batting: SHB Ryan Roberts 0-0: Ball
1-0: Ball
2-0: Called Strike
2-1: Fly out, F8 (Flyball, 89D)
Batting: RHB Júlio Sánchez 0-0: Ball
1-0: Ground out 3-1 (Groundball, 34S)
Bottom of the 5th over - 1 run, 1 hit, 0 errors, 0 left on base; Detroit 0 - Louisville 4
TOP OF THE 6TH
Detroit X-Wings batting - Pitching for Louisville Bats : RHP Germán Pérez
Batting: RHB José Pérez 0-0: Ball
1-0: Ball
2-0: Foul Ball, location: 2F
2-1: Ground out 6-3 (Groundball, 6)
Batting: LHB Juan Jose Pineda 0-0: Ball
1-0: Called Strike
1-1: Ball
2-1: Fly out, F9 (Flyball, 9)
Batting: SHB Barrett Bowden 0-0: Ball
1-0: Ball
2-0: Called Strike
2-1: Ball
3-1: Base on Balls
Batting: SHB Brian Price 0-0: Ball
1-0: SINGLE (Groundball, 4MS) (infield hit)
Barrett Bowden to second
Batting: SHB Felipe Detorres 0-0: Ground out 3-1 (Groundball, 34S)
Top of the 6th over - 0 runs, 1 hit, 0 errors, 2 left on base; Detroit 0 - Louisville 4
BOTTOM OF THE 6TH
Louisville Bats batting - Pitching for Detroit X-Wings : RHP Júlio Ruíz
Batting: LHB John Horton 0-0: SINGLE (Line Drive, 6MD)
Batting: SHB Martín Medina 0-0: Ball
1-0: SINGLE (Line Drive, 56)
John Horton to second
Batting: LHB Don Soper 0-0: Ball
1-0: Ball
2-0: Foul Ball, location: 2F
2-1: Ball
3-1: Base on Balls
John Horton to third
Martín Medina to second
Batting: RHB Shawn Marshall 0-0: SINGLE (Line Drive, 8RS)
John Horton scores
Martín Medina to third
Don Soper to second
Pitching: LHP Richard Dorris
Batting: RHB Zhong Shui 0-0: Ball
1-0: Foul Ball, location: 2F
1-1: Fly out, F8 (Flyball, 8RXD)
Runner from 3rd tags up, SCORES, no throw
Don Soper to third
Batting: LHB George Smith 0-0: Foul Ball, location: 2F
0-1: Ball
1-1: Ball
2-1: Grounds into double play, 4-6-3 (Groundball, 4)
Bottom of the 6th over - 2 runs, 3 hits, 0 errors, 1 left on base; Detroit 0 - Louisville 6
TOP OF THE 7TH
Detroit X-Wings batting - Pitching for Louisville Bats : RHP Germán Pérez
Batting: RHB Brad Ravenshaw 0-0: Ball
1-0: Ball
2-0: Called Strike
2-1: Ball
3-1: Ground out 4-3 (Groundball, 4)
Batting: RHB Donato Gozende 0-0: Foul Ball, location: 2F
0-1: Foul Ball, location: 2F
0-2: Strikes out looking
Batting: RHB Daniel Riddle 0-0: Called Strike
0-1: Ball
1-1: Ball
2-1: Swinging Strike
2-2: Foul Ball, location: 2F
2-2: Strikes out swinging
Top of the 7th over - 0 runs, 0 hits, 0 errors, 0 left on base; Detroit 0 - Louisville 6
BOTTOM OF THE 7TH
Louisville Bats batting - Pitching for Detroit X-Wings : LHP Richard Dorris
Batting: LHB Richard Olvera 0-0: Ball
1-0: Called Strike
1-1: Foul Ball, location: 2F
1-2: Ball
2-2: Ball
3-2: Fly out, F8 (Flyball, 8RS)
Batting: SHB Ryan Roberts 0-0: SINGLE (Flyball, 9S)
Batting: RHB Júlio Sánchez 0-0: Ball
1-0: Ball
2-0: DOUBLE (Line Drive, 89D)
Ryan Roberts to third
Batting: LHB John Horton 0-0: Ball
1-0: Ball
2-0: Foul Ball, location: 2F
2-1: 3-RUN HOME RUN (Flyball, 78XD), Distance : 421 ft
Batting: SHB Martín Medina 0-0: Called Strike
0-1: Ball
1-1: Fly out, F7 (Flyball, 78S)
Batting: LHB Don Soper 0-0: Fly out, F4 (Line Drive, 34D)
Bottom of the 7th over - 3 runs, 3 hits, 0 errors, 0 left on base; Detroit 0 - Louisville 9
TOP OF THE 8TH
Detroit X-Wings batting - Pitching for Louisville Bats : RHP Germán Pérez
Batting: SHB Jason Mason 0-0: Reached via error on a dropped throw, E3
Batting: RHB José Pérez 0-0: Ball
1-0: Called Strike
1-1: Ball
2-1: Foul Ball, location: 2F
2-2: Ball
3-2: Foul Ball, location: 2F
3-2: Strikes out looking
Batting: LHB Juan Jose Pineda 0-0: Ball
1-0: Foul Ball, location: 2F
1-1: Ball
2-1: Called Strike
2-2: Fly out, F9 (Flyball, 9LS)
Batting: SHB Barrett Bowden 0-0: Called Strike
0-1: Foul Ball, location: 2F
0-2: Ball
1-2: Strikes out swinging
Top of the 8th over - 0 runs, 0 hits, 1 error, 1 left on base; Detroit 0 - Louisville 9
BOTTOM OF THE 8TH
Louisville Bats batting - Pitching for Detroit X-Wings : LHP Richard Dorris
Batting: RHB Shawn Marshall 0-0: Ball
1-0: Fly out, F3 (Line Drive, 34)
Batting: RHB Zhong Shui 0-0: Called Strike
0-1: Ball
1-1: Swinging Strike
1-2: Foul Ball, location: 2F
1-2: Ground out 6-3 (Groundball, 6)
Batting: LHB George Smith 0-0: Called Strike
0-1: SINGLE (Groundball, 34D)
Batting: LHB Richard Olvera 0-0: Ball
1-0: Foul Ball, location: 2F
1-1: SINGLE (Groundball, 4MD)
George Smith to second
Batting: SHB Ryan Roberts 0-0: Swinging Strike
0-1: Swinging Strike
0-2: Ball
1-2: Ball
2-2: Ball
3-2: SINGLE (Line Drive, 34D)
George Smith to third
Richard Olvera to second
George Smith scores
Richard Olvera to third
Batting: RHB Júlio Sánchez 0-0: Ball
1-0: Fielders Choice at 2nd, 6-4 (Groundball, 6)
Bottom of the 8th over - 1 run, 3 hits, 0 errors, 2 left on base; Detroit 0 - Louisville 10
TOP OF THE 9TH
Detroit X-Wings batting - Pitching for Louisville Bats : RHP Germán Pérez
Now at 1B: Eduardo Gómez
Now in LF: Ralph Cobb
Now in RF: Héctor Rentería
Batting: SHB Brian Price 0-0: Ball
1-0: Ball
2-0: Foul Ball, location: 2F
2-1: Ground out 4-3 (Groundball, 4)
Batting: SHB Felipe Detorres 0-0: Called Strike
0-1: Ground out U3 (Groundball, 3L)
Batting: RHB Brad Ravenshaw 0-0: Ball
1-0: Called Strike
1-1: Called Strike
1-2: Strikes out swinging
Top of the 9th over - 0 runs, 0 hits, 0 errors, 0 left on base; Detroit 0 - Louisville 10
Saturday, April 7th, 2018 - OOTP Baseball 18.8 Build 76